 Dungeon Crawl Stone Soup version 0.29.1-12-g30fa7ad0bf (webtiles) character file.

Game seed: 17733668987907155212

953 Ihaveafatcat the Shield-Bearer (level 7, -1/62 HPs)
             Began as a Minotaur Fighter on Jan 12, 2023.
             Slain by an orc priest
             ... wielding a +0 whip
              (3 damage)
             ... on level 6 of the Dungeon.
             The game lasted 00:10:14 (7182 turns).

Ihaveafatcat the Shield-Bearer (Minotaur Fighter)   Turns: 7182, Time: 00:10:14

Health: -1/62      AC:  8    Str: 23    XL:     7   Next: 90%
Magic:  6/6        EV:  9    Int:  5    God:
Gold:   357        SH:  0    Dex: 15    Spells: 6/6 levels left

rFire   . . .      SeeInvis .   a - +2 war axe
rCold   . . .      Faith    .   c - +0 buckler
rNeg    . . .      Spirit   .   b - +0 scale mail
rPois   .          Reflect  .   (helmet restricted)
rElec   .          Harm     .   q - +0 cloak
rCorr   .          Rampage  .   (no gloves)
Will    .....                   (no boots)
Stlth   ..........              p - amulet of the acrobat
HPRegen 0.20/turn               i - +6 ring of dexterity
MPRegen 0.10/turn               (no ring)

@: confused, mesmerised
A: horns 2, retaliatory headbutt
a: no special abilities


You were on level 6 of the Dungeon.
You visited 1 branch of the dungeon, and saw 6 of its levels.

You collected 357 gold pieces.

Inventory:

Hand Weapons
 a - a +2 war axe (weapon)
Missiles
 f - 4 poisoned darts
 w - 4 boomerangs (quivered)
Armour
 b - a +0 scale mail (worn)
 c - a +0 buckler (worn)
 q - a +0 cloak (worn)
Jewellery
 i - a +6 ring of dexterity (left hand)
 m - a ring of ice
 p - an amulet of the acrobat (around neck)
Scrolls
 h - a scroll of vulnerability
 o - a scroll of magic mapping
 s - 2 scrolls of teleportation
 x - 2 scrolls of summoning
Potions
 d - a potion of might
 e - a potion of berserk rage
 g - 3 potions of heal wounds
 j - 3 potions of curing
 k - a potion of brilliance {unknown}
 l - 3 potions of flight
 n - 2 potions of magic {unknown}
 r - a potion of haste {unknown}


   Skills:
 + Level 5.7 Fighting
 + Level 5.0 Axes
 + Level 3.4 Throwing
 + Level 5.6 Armour
 + Level 5.7 Shields
 + Level 3.0 Evocations


You had 6 spell levels left.
You didn't know any spells.
Your spell library contained the following spells:

 Spells                   Type           Power      Damage    Failure   Level
 Apportation              Tloc           0%         N/A       85%         1
 Scorch                   Fire           0%         2d5       94%         2
 Call Canine Familiar     Summ           0%         N/A       99%         3
 Portal Projectile        Hex/Tloc       0%         N/A       99%         3
 Flame Wave               Conj/Fire      0%         2d4       100%        4
 Leda's Liquefaction      Hex/Erth       0%         N/A       100%        4
 Alistair's Intoxication  Tmut/Pois      0%         N/A       100%        5
 Summon Cactus Giant      Summ           0%         N/A       100%        6


Dungeon Overview and Level Annotations

Branches:
Dungeon (6/15)
 Temple: D:4-7

Altars:
Cheibriados
Ru
Trog
The Shining One

Shops:
D:5 (([

Annotations:
D:6 Maggie


Innate Abilities, Weirdness & Mutations

You have a pair of horns on your head.
You reflexively headbutt those who attack you in melee.


Message History

You hit the orc priest. You slash the orc!
You kill the orc!
The centaur shoots an arrow.
You block the arrow. The orc priest closely misses you.
You block the phantom's attack.
The centaur shoots an arrow.
The arrow hits you.
Unknown command.
You slash the phantom!
You destroy the phantom!
You hit the orc priest.
The centaur shoots an arrow.
You block the arrow. You block the orc priest's attack.
The centaur shoots an arrow.
The arrow hits you.
Your Axes skill increases to level 5!
Your Evocations skill increases to level 3!
You are too injured to fight recklessly!
You are too injured to fight recklessly!
The centaur shoots an arrow.
The arrow hits you! The orc wizard casts a spell at you.
You are confused.
The orc priest closely misses you.
In your confused state, you trip and fall back down the stairs.
The centaur shoots an arrow.
The arrow hits you!
Maggie practices a pose.
The orc priest hits you with a +0 whip.
* * * LOW HITPOINT WARNING * * *
Unknown command.
Maggie mumbles some strange words.
Maggie attempts to bespell you!
You are mesmerised by Maggie!
The orc priest mumbles some strange prayers to Beogh against you.
Beogh smites you!
* * * LOW HITPOINT WARNING * * *
In your confused state, you trip and fall back down the stairs.
* * * LOW HITPOINT WARNING * * *
Maggie casts a spell.
Maggie draws you further into her thrall.
The orc wizard casts a spell at you. The magic dart hits you.
* * * LOW HITPOINT WARNING * * *
The orc priest hits you with a +0 whip.
You die...

. .. #. .....
.#.########.#...
................
................
................
................
.......@o..[....
........).......
....?....รท......
.......@..oo....
....>......c....
...........oo...
................
..........:.....
................


You could see Maggie (mesmerising), a centaur, an orc priest, 2 orc wizards and
2 orcs.

Vanquished Creatures
  A water moccasin (D:4)
  2 phantoms (D:6)
  A scorpion (D:5)
  A necrophage (D:5)
  A quasit (D:5)
  4 hounds
  A jelly (D:5)
  An iguana (D:5)
  2 orc wizards (D:4)
  6 gnolls
  10 adders
  2 shadow imps (D:5)
  4 white imps (D:5)
  2 ufetubi (D:5)
  2 dart slugs
  13 orcs
  15 endoplasms
  5 giant cockroaches
  8 goblins
  3 hobgoblins
  2 jackals (D:1)
  5 quokkas
  13 ball pythons
  5 bats
  2 frilled lizards (D:2)
  6 kobolds
  9 rats
126 creatures vanquished.

Vanquished Creatures (others)
  2 demonic plants (D:5)
  19 plants (D:3)
21 creatures vanquished.

Grand Total: 147 creatures vanquished

Notes
Turn   | Place    | Note
-------+----------+-------------------------------------------
     0 | D:1      | Ihaveafatcat the Minotaur Fighter began the quest for the
                  | Orb.
     0 | D:1      | Reached XP level 1. HP: 19/19 MP: 0/0
   276 | D:1      | Reached XP level 2. HP: 27/27 MP: 1/1
   357 | D:1      | Found a faded altar of an unknown god.
   357 | D:1      | Noticed a cacodemon
  1066 | D:2      | Reached XP level 3. HP: 27/33 MP: 2/2
  1242 | D:2      | Reached skill level 1 in Throwing
  1585 | D:2      | Reached skill level 1 in Evocations
  2161 | D:2      | Reached XP level 4. HP: 37/40 MP: 3/3
  3373 | D:4      | Reached XP level 5. HP: 29/47 MP: 4/4
  4492 | D:4      | Reached XP level 6. HP: 53/53 MP: 5/5
  4754 | D:5      | Entered Level 5 of the Dungeon
  4754 | D:5      | Found Lanet's Antique Armour Boutique.
  4765 | D:5      | Noticed a water moccasin
  4978 | D:4      | Killed a water moccasin
  4979 | D:4      | Reached skill level 5 in Fighting
  4979 | D:4      | Reached skill level 5 in Shields
  5313 | D:5      | Reached skill level 5 in Armour
  5370 | D:5      | Reached XP level 7. HP: 56/61 MP: 6/6
  5816 | D:5      | Found a snail-covered altar of Cheibriados.
  5818 | D:5      | Found a glowing golden altar of the Shining One.
  6129 | D:5      | Found a sacrificial altar of Ru.
  6201 | D:5      | Found a bloodstained altar of Trog.
  6272 | D:5      | Found Winlaf's Antique Weapon Shop.
  6464 | D:5      | Found Viunt's Antique Weapon Boutique.
  6662 | D:6      | Noticed Maggie
  6677 | D:6      | HP: 2/62 [cloud of flame (20)]
  7179 | D:6      | Reached skill level 5 in Axes
  7182 | D:6      | HP: 2/62 [orc wizard/magic dart (3)]
  7182 | D:6      | Slain by an orc priest

Illustrated notes

Levels and vault maps discovered:
D:1:      elethiomel_arrival_maze, layout_loops_corners,
          dreamdust_ecumenical_altar_sealed_demon
D:2:      layout_basic, minmay_pentomino_pile
D:3:      wad_woods_tower, layout_rooms
D:4:      layout_loops_ring
D:5:      layout_rooms, mainiacjoe_overflow_cross_hatched,
          mainiacjoe_overflow_alcove_2, minitemple, serial_demonic,
          serial_demonic_c, serial_demonic_a, serial_demonic_d,
          serial_demonic_f, serial_demonic_d, serial_demonic_f, serial_shops,
          nicolae_shop_hallway_stairs, shop, nicolae_stop_n_shop_1
D:6:      layout_basic, minmay_temple_entry_from_below_b, enter_ossuary_2,
          uniq_maggie, uniq_sigmund

Skill      XL: |  1  2  3  4  5  6  7 |
---------------+----------------------+-----
Fighting       | 4 5 |  5.7
Shields        | 4 5 |  5.7
Axes           | 3 4 5 |  5.0
Throwing       | 1 2 3 |  3.4
Armour         | 4 5 |  5.6
Evocations     | 1 2 3 |  3.0

Action                   |  1- 3 |  4- 6 |  7- 9 || total
-------------------------+-------+-------+-------++-------
Melee: War axe           |    76 |   150 |    56 ||   282
       Headbutt          |    15 |    19 |     7 ||    41
Throw: Boomerang         |       |       |     4 ||     4
  Use: Scroll            |     3 |    10 |     4 ||    17
Armor: Scale mail        |    36 |    67 |    32 ||   135
Dodge: Dodged            |    31 |    71 |    50 ||   152
Block: Buckler           |    15 |    39 |    21 ||    75
